 Dungeon Crawl Stone Soup version 0.18.1-50-g88ac8fd (webtiles) character file.

49 Nordron the Changer (level 3, 31/31 HPs)
             Began as a Naga Transmuter on Sept 30, 2016.
             Quit the game on level 4 of the Dungeon.
             The game lasted 00:03:23 (1283 turns).

Nordron the Changer (Naga Transmuter)               Turns: 1283, Time: 00:03:24

Health: 31/31      AC:  2    Str: 12    XL:     3   Next: 77%
Magic:  6/6        EV: 10    Int: 13    God:
Gold:   111        SH:  0    Dex: 12    Spells: 1 memorised, 5 levels left

rFire  . . .     SeeInvis +       - Unarmed
rCold  . . .     Gourm    .     b - +0 robe
rNeg   . . .     Faith    .     (no shield)
rPois  +         Spirit   .     (no helmet)
rElec  .         Dismiss  .     (no cloak)
rCorr  .         Reflect  .     (no gloves)
SustAt .         Harm     .     (no barding)
MR     .....                    (no amulet)
Stlth  +.........               (no ring)
                                (no ring)

@: confused, very slow, not resistant to hostile enchantments, very unstealthy
A: see invisible, deformed body, poison resistance, slowness 2, slow metabolism
1, spit poison 2, AC +1
a: Spit Poison


You were on level 4 of the Dungeon.
You were very hungry.

You visited 1 branch of the dungeon, and saw 3 of its levels.

You collected 111 gold pieces.

Inventory:

Missiles
 a - 21 arrows
Armour
 b - a +0 robe (worn)
Scrolls
 g - 3 scrolls of identify {unknown}
 i - a scroll of teleportation {unknown}
 k - a scroll of enchant weapon {unknown}
Potions
 e - 2 potions of heal wounds {unknown}
 f - a potion of curing {unknown}
 h - a potion of brilliance {unknown}
Books
 c - a book of Changes

   Spells                             Type                      Level
   a - Beastly Appendage              Transmutation                1
   b - Sticks to Snakes               Transmutation                2
   c - Spider Form                    Transmutation/Poison         3
   d - Ice Form                       Ice/Transmutation            4
   e - Blade Hands                    Transmutation                5
Comestibles
 d - 2 bread rations
 j - 4 fruits
 l - a slice of pizza


   Skills:
 - Level 1.0 Fighting
 - Level 1.5 Dodging
 - Level 3.0 Unarmed Combat
 - Level 2.0 Spellcasting
 * Level 4.0 Transmutations


You had 5 spell levels left.
You knew the following spells:

 Your Spells              Type           Power        Failure   Level  Hunger
a - Beastly Appendage     Trmt           ##....       6%          1    ##.....


Dungeon Overview and Level Annotations

Branches:
Dungeon (2/15)

Altars:

Annotations:
D:4 Grinder, Sigmund


Innate Abilities, Weirdness & Mutations

You cannot wear boots.
Your serpentine skin is tough (AC +1).
You have supernaturally acute eyesight.
Armour fits poorly on your strangely shaped body.
Your system is resistant to poisons.
You cover ground very slowly.
You have a slow metabolism.
You can spit poison.


Message History

Magic restored.
You start resting.
Your magical contamination has completely faded away.
You start resting.
You are feeling very hungry.
You start resting.
HP restored.
Found 11 stones.
You see here 11 stones.
g - 3 scrolls labeled CONOAC EVASS (gained 1) Sigmund the Dreaded comes into view.
He is wielding a scythe.
Sigmund shouts!
Sigmund gestures at you while chanting.
You are confused.
You're too confused!
You're too confused!
Unknown command.
You bump into the rock wall.
Grinder comes into view.
Are you sure you want to abandon this character and quit the game? (Confirm with "yes".)

####
#####...#
5......
@.... ...
#.# #@#
#.# ##
#.# ..
#.# # #.#
# #.# #
#.# ##
#.# ..
#.# ##


You could see Grinder (wandering) and Sigmund.

Vanquished Creatures
  An iguana (D:4)
  An ooze (D:2)
  A dart slug (D:1)
  3 goblins
  2 hobgoblins (D:1)
  A ball python (D:2)
  3 bats (D:1)
  A giant newt (D:1)
  3 kobolds (D:1)
  3 rats (D:1)
19 creatures vanquished.

Notes
Turn   | Place    | Note
--------------------------------------------------------------
     0 | D:1      | Nordron the Naga Transmuter began the quest for the Orb.
     0 | D:1      | Reached XP level 1. HP: 18/18 MP: 3/3
   301 | D:1      | Reached XP level 2. HP: 25/25 MP: 5/5
   400 | D:1      | Reached skill level 3 in Transmutations
   765 | D:2      | Reached XP level 3. HP: 18/31 MP: 4/6
   908 | D:2      | You fall through a shaft for 2 floors!
   949 | D:4      | Reached skill level 4 in Transmutations
  1281 | D:4      | Noticed Sigmund
  1283 | D:4      | Noticed Grinder
  1283 | D:4      | Quit the game

Skill      XL: |  1  2  3 |
---------------+----------+-----
Transmutations | 3 4 |  4.0
Fighting       | |  1.0
Dodging        | |  1.5
Unarmed Combat | |  3.0
Spellcasting   | |  2.0

Action                   || total
-------------------------++-------
Melee: Unarmed           ||    32
       Headbutt          ||     4
       Punch             ||     1
 Cast: Beastly Appendage ||    12
 Abil: Spit Poison       ||    11
Armor: Robe              ||     7
Dodge: Dodged            ||    23
